 Dungeon Crawl Stone Soup version 0.19.4 (webtiles) character file.

24910 Raymar the Slicer (level 13, -5/95 HPs)
             Began as a Human Artificer on Feb 2, 2017.
             Was a Priest of Nemelex Xobeh.
             Slain by a dream sheep (14 damage)
             ... on level 5 of the Lair of Beasts.
             The game lasted 01:09:01 (13388 turns).

Raymar the Slicer (Human Artificer)                Turns: 13388, Time: 01:09:02

Health: -5/95      AC: 12    Str: 13    XL:     13   Next: 46%
Magic:  19/20      EV: 21    Int: 13    God:    Nemelex Xobeh [***...]
Gold:   885        SH:  7    Dex: 17    Spells: 2 memorised, 19 levels left

rFire  . . .     SeeInvis .     h - +3 dagger (elec)
rCold  . . .     Gourm    .     F - +0 troll leather armour
rNeg   . . .     Faith    .     A - +1 buckler {AC+3}
rPois  +         Spirit   .     (helmet restricted)
rElec  .         Reflect  .     s - +1 cloak {rPois}
rCorr  +         Harm     .     (no gloves)
MR     .....                    v - +0 pair of boots
Stlth  ++++......               O - amulet of magic regeneration
                                u - +3 ring of evasion
                                J - ring of resist corrosion

@: very slightly contaminated
A: beak, poison resistance, shaggy fur 1
a: Triple Draw, Renounce Religion


You were on level 5 of the Lair of Beasts.
You worshipped Nemelex Xobeh.
Nemelex Xobeh was most pleased with you.
You were not hungry.

You visited 3 branches of the dungeon, and saw 15 of its levels.
You also visited: Volcano.

You collected 885 gold pieces.

Inventory:

Hand Weapons
 h - a +3 dagger of electrocution (weapon)
Armour
 s - a +1 cloak of poison resistance (worn)
 v - a +0 pair of boots (worn)
 A - a +1 buckler of protection (worn)
 F - a +0 troll leather armour (worn)
 R - a +1 leather armour of fire resistance
Magical Staves
 K - an uncursed staff of conjuration
Jewellery
 l - a +1 ring of protection
 u - a +3 ring of evasion (right hand)
 C - an uncursed ring of protection from cold
 J - a ring of resist corrosion (left hand)
 O - an amulet of magic regeneration (around neck)
 T - an uncursed ring of protection from fire
 X - an uncursed amulet of harm {unknown}
 Y - a cursed ring of teleportation {unknown}
Wands
 d - a wand of enslavement (0/24)
 f - a wand of slowing (0/48)
 j - a wand of flame (0/48)
 p - a wand of polymorph (6/24)
 r - a wand of random effects (0/48)
 I - a wand of lightning (4/15)
 M - a wand of flame (0/48)
 S - a wand of paralysis (4/24)
 U - a wand of enslavement (8/24)
 W - a wand of confusion (14/48)
Scrolls
 q - 2 scrolls of blinking
 w - 3 scrolls of remove curse
 x - 2 scrolls of magic mapping
 y - 3 scrolls of teleportation
Potions
 a - 3 potions of lignification
 b - a potion of curing
 e - a potion of magic
 t - 4 potions of flight
 E - 6 potions of brilliance
 L - 3 potions of cancellation
Books
 m - a book of Burglary

   Spells                             Type                      Level
   a - Swiftness                      Charms/Air                   2
   b - Passwall                       Transmutation/Earth          2
   c - Passage of Golubria            Translocation                4
   d - Lee's Rapid Deconstruction     Earth                        5
   e - Darkness                       Hexes                        6
   f - Invisibility                   Hexes                        6
 D - a book of Frost

   Spells                             Type                      Level
   a - Freeze                         Ice                          1
   b - Throw Frost                    Conjuration/Ice              2
   c - Ozocubu's Armour               Charms/Ice                   3
   d - Throw Icicle                   Conjuration/Ice              4
   e - Summon Ice Beast               Ice/Summoning                4
Miscellaneous
 G - a phial of floods (inert)
 N - a plain deck of escape {drawn: 9}
Comestibles
 c - 2 beef jerkies
 g - a royal jelly
 i - a bread ration
 n - a slice of pizza
 o - 13 fruits
 z - 3 meat rations


   Skills:
 + Level 6.6 Fighting
 + Level 10.0 Short Blades
 + Level 6.0 Armour
 + Level 9.4 Dodging
 + Level 7.4 Stealth
 + Level 7.1 Shields
 * Level 5.1 Spellcasting
 + Level 1.0 Conjurations
 * Level 5.7 Ice Magic
 + Level 3.5 Invocations
 + Level 7.4 Evocations


You had 19 spell levels left.
You knew the following spells:

 Your Spells              Type           Power        Failure   Level  Hunger
a - Freeze                Ice            ###.         1%          1    None
b - Throw Frost           Conj/Ice       ##....       10%         2    ##.....


Dungeon Overview and Level Annotations

Branches:
Dungeon (9/15)             Temple (1/1) D:6            Lair (6/6) D:9
  Slime (0/5) Lair:5
  Swamp: Lair:2-4    Shoals: Lair:2-4     Snake: Lair:2-4    Spider: Lair:2-4
    Orc: D:9-12

Altars:
Ashenzari
Cheibriados
Dithmenos
Elyvilon
Fedhas
Gozag
Hepliaklqana
Kikubaaqudgha
Makhleb
Nemelex Xobeh
Okawaru
Qazlal
Ru
Sif Muna
Trog
Uskayaw
Vehumet
Xom
Yredelemnul
Zin
The Shining One


Innate Abilities, Weirdness & Mutations

You have a beak for a mouth.
Your system is resistant to poisons. (rPois)
You are covered in fur. (AC +1)


Message History

b - the Shaft c - Velocity Nothing appears to happen.
The blink frog misses you.
The dream sheep ruffle their wool and motes of dream dust sparkle, to no effect.
The dream sheep bites you but does no damage.
You hit the dream sheep.
The dream sheep is moderately wounded.
The blink frog completely misses you. You block the dream sheep's attack.
You barely miss the dream sheep.
The dream sheep is moderately wounded.
The blink frog hits you.
* * * LOW HITPOINT WARNING * * *
The blink frog blinks!
The dream sheep shake their wool and sparkle.
You feel drowsy...
You fall asleep.
The blink frog blinks!
The dream sheep completely misses you. The dream sheep misses you.
The dream sheep completely misses you. The dream sheep bites you!
You wake up.
You die...
Your body disappears without a glow.

.......P..........#
....P.#PP..#...#..#
.........P.......##
.P.........P......#
......<...P......##
.................##
##..#.............#
#####..........Y..#
.c.#....).P..†#.@##
.##.#.........#†Y#
.####............##
## #....##..##...#
######..#....###.##
.................P#
......P..........P#
.................P#
...........##....##


You could see 2 dream sheep.

Vanquished Creatures
  2 hydras
  A dancing weapon (Volcano)
  A flayed ghost (D:8)
  4 wizards (Volcano)
  A centaur zombie (D:9)
  3 elephants (Lair:4)
  4 black mambas
  The ghost of HangedMan the Destroyer, a novice HEWz of Sif Muna (D:7)
  2 toenail golems (Volcano)
  6 spiny frogs
  2 komodo dragons
  4 trolls (D:9)
  5 polar bears
  A dream sheep (Lair:6)
  5 hippogriffs
  5 blink frogs
  2 wyverns
  13 yaks
  A fire bat (D:8)
  4 wraiths (D:8)
  4 basilisks
  5 water moccasins
  6 porcupines
  2 ice beasts
  An orc warrior (D:7)
  3 phantoms
  4 black bears
  2 ogres (D:8)
  5 wolves (Lair:1)
  4 centaurs
  6 crocodiles
  11 bullfrogs
  2 scorpions
  4 wights (D:6)
  A howler monkey (D:7)
  2 electric eels (Lair:4)
  2 crimson imps
  A bullfrog zombie (D:5)
  3 jellies
  3 orc priests
  A bullfrog skeleton (D:7)
  10 hounds
  2 orc wizards (D:4)
  A centaur skeleton (D:6)
  An iguana (D:9)
  Ijyb (D:2)
  Terence (D:3)
  Natasha (twice) (D:4)
  6 worker ants
  A hound skeleton (D:6)
  2 hound zombies
  A worker ant zombie (D:5)
  Robin (D:2)
  6 gnolls
  A howler monkey skeleton (D:4)
  11 adders
  A river rat (D:1)
  A shadow imp (D:7)
  5 oozes
  4 worms
  2 dart slugs
  7 leopard geckos
  5 orcs
  18 giant cockroaches
  2 gnoll zombies (D:4)
  19 goblins
  9 hobgoblins
  14 jackals
  4 kobolds
  2 quokkas
  21 bats
  4 frilled lizards
  A giant cockroach zombie (D:6)
  A leopard gecko skeleton (D:8)
  10 rats
316 creatures vanquished.

Vanquished Creatures (collateral kills)
  2 hydras (Lair:5)
  A toenail golem (Volcano)
  An elephant (Lair:4)
  An oklob plant (Lair:5)
  A shadow (D:8)
  A basilisk (Lair:5)
  A fire bat (D:8)
  6 wolves (Lair:5)
  2 bullfrogs (Lair:5)
  5 wights (D:9)
  A hound (D:6)
  An ooze (D:3)
  A leopard gecko (D:9)
  3 orcs (D:6)
  A jackal (D:3)
  A fungus (Lair:5)
  A plant (Lair:5)
30 creatures vanquished.

Vanquished Creatures (others)
  A yak (D:9)
  3 gnolls
  A giant cockroach (D:2)
  A hobgoblin (D:2)
  A fire vortex (D:9)
  5 fungi
  2 plants (Lair:4)
14 creatures vanquished.

Grand Total: 360 creatures vanquished

Notes
Turn   | Place    | Note
-------+----------+-------------------------------------------
     0 | D:1      | Raymar the Human Artificer began the quest for the Orb.
     0 | D:1      | Reached XP level 1. HP: 15/15 MP: 3/3
    32 | D:1      | Reached XP level 2. HP: 14/21 MP: 4/4
    79 | D:1      | Reached XP level 3. HP: 12/26 MP: 5/5
   593 | D:1      | Reached skill level 1 in Armour
   875 | D:1      | Gained mutation: You are covered in fur. (AC +1) [potion of mutation]
   875 | D:1      | Gained mutation: Your system is resistant to poisons. (rPois) [potion of mutation]
   875 | D:1      | Gained mutation: You are somewhat resistant to further mutation. [potion of mutation]
  1011 | D:2      | Reached XP level 4. HP: 32/32 MP: 6/6
  1146 | D:2      | Reached skill level 2 in Short Blades
  1160 | D:2      | Noticed Robin
  1193 | D:2      | Killed Robin
  1315 | D:2      | Reached XP level 5. HP: 23/37 MP: 8/8
  1895 | D:2      | Noticed Ijyb
  1903 | D:2      | Killed Ijyb
  2332 | D:3      | Reached XP level 6. HP: 37/43 MP: 9/9
  2347 | D:3      | Found a sacrificial altar of Ru.
  2407 | D:3      | Reached skill level 3 in Short Blades
  2720 | D:3      | Noticed Terence
  2724 | D:3      | Killed Terence
  3146 | D:4      | Noticed Natasha
  3147 | D:4      | Killed Natasha
  3175 | D:4      | Noticed Sigmund
  3178 | D:4      | Noticed Sigmund
  3178 | D:4      | Sigmund changed into Sigmund the adder
  3186 | D:4      | Killed Sigmund the adder
  3193 | D:4      | Gained mutation: You have a beak for a mouth. [potion of mutation]
  3195 | D:4      | Gained mutation: You are weak. (Str -2) [potion of mutation]
  3243 | D:4      | Noticed Natasha
  3245 | D:4      | Killed Natasha
  3286 | D:4      | Found a blossoming altar of Fedhas.
  3397 | D:4      | Found a basalt altar of Yredelemnul.
  3431 | D:4      | Noticed a phantom
  3474 | D:4      | Reached XP level 7. HP: 44/49 MP: 10/10
  3619 | D:4      | Found a shattered altar of Ashenzari.
  3619 | D:4      | Found a faded altar of an unknown god.
  3626 | D:4      | Found a faded altar of an unknown god.
  3628 | D:4      | Found a faded altar of an unknown god.
  3629 | D:4      | Found a faded altar of an unknown god.
  3683 | D:4      | Noticed Natasha
  3685 | D:4      | Noticed Natasha
  3686 | D:4      | Killed Natasha the centaur
  3686 | D:4      | Reached skill level 1 in Shields
  4092 | D:5      | Entered Level 5 of the Dungeon
  4200 | D:5      | Reached skill level 4 in Short Blades
  4243 | D:5      | Reached XP level 8. HP: 48/56 MP: 11/11
  4250 | D:5      | Found a radiant altar of Vehumet.
  4384 | D:5      | Found a glowing golden altar of the Shining One.
  4599 | D:5      | Found a bloodstained altar of Trog.
  4695 | D:5      | Reached skill level 5 in Evocations
  4758 | D:5      | Reached skill level 5 in Short Blades
  5054 | D:6      | Reached XP level 9. HP: 59/62 MP: 13/13
  5149 | D:6      | Got a jewelled whip
  5151 | D:6      | Identified the +6 whip of Defenestration {venom, rC+ Str+3 Int-5} (You found it on level 6 of the Dungeon)
  5328 | D:6      | Found a staircase to the Ecumenical Temple.
  5335 | Temple   | Entered the Ecumenical Temple
  5831 | D:7      | Reached skill level 6 in Short Blades
  5911 | D:7      | Reached skill level 5 in Dodging
  5943 | D:7      | Found a hazy altar of Hepliaklqana.
  5949 | D:7      | Noticed HangedMan's ghost (novice HEWz)
  6077 | D:7      | Noticed a hippogriff
  6097 | D:7      | Killed a hippogriff
  6273 | D:7      | Found a sparkling altar of Nemelex Xobeh.
  6281 | D:7      | Became a worshipper of Nemelex Xobeh the Trickster
  6341 | D:7      | Found a shimmering altar of Xom.
  6371 | D:7      | Reached skill level 5 in Stealth
  6476 | D:7      | Killed HangedMan's ghost
  6612 | D:7      | Received a gift from Nemelex Xobeh
  6695 | D:8      | Reached XP level 10. HP: 69/69 MP: 14/14
  6855 | D:8      | Found a runed door.
  6858 | D:8      | Found a hide-covered altar of Uskayaw.
  6870 | D:8      | Noticed a flayed ghost
  6886 | D:8      | Killed a flayed ghost
  6886 | D:8      | Reached skill level 7 in Short Blades
  6893 | D:8      | Reached skill level 5 in Armour
  6933 | D:8      | Reached skill level 1 in Invocations
  6975 | D:8      | Found a burning altar of Makhleb.
  7011 | D:8      | Found a radiant altar of Vehumet.
  7249 | D:8      | Found a shattered altar of Ashenzari.
  7262 | D:8      | Found a sacrificial altar of Ru.
  7265 | D:8      | Learned a level 1 spell: Freeze
  7265 | D:8      | Found a snail-covered altar of Cheibriados.
  7698 | D:9      | Received a gift from Nemelex Xobeh
  7704 | D:9      | Reached * piety under Nemelex Xobeh
  7870 | D:9      | Reached skill level 8 in Short Blades
  7891 | D:9      | Reached XP level 11. HP: 46/75 MP: 15/15
  8242 | D:9      | Found a staircase to the Lair.
  8430 | D:9      | Found a glowing silver altar of Zin.
  8698 | Lair:1   | Entered Level 1 of the Lair of Beasts
  8892 | Lair:1   | Reached skill level 5 in Shields
  9108 | Lair:1   | Noticed an eight-headed hydra
  9137 | Lair:1   | Reached ** piety under Nemelex Xobeh
  9148 | Lair:1   | Killed an eight-headed hydra
  9210 | Lair:1   | Learned a level 2 spell: Throw Frost
  9263 | Lair:1   | Reached skill level 1 in Spellcasting
  9357 | Lair:1   | Reached skill level 5 in Fighting
  9383 | Lair:1   | Reached skill level 9 in Short Blades
  9383 | Lair:1   | Reached skill level 1 in Ice Magic
  9431 | Lair:1   | Reached XP level 12. HP: 75/86 MP: 17/17
  9485 | Lair:1   | Received a gift from Nemelex Xobeh
 10360 | Lair:2   | Reached *** piety under Nemelex Xobeh
 10363 | Lair:2   | Received a gift from Nemelex Xobeh
 10490 | Lair:2   | You fall through a shaft for 2 floors!
 10658 | Lair:4   | Found a dark tunnel.
 10667 | Volcano  | Entered a volcano
 10675 | Volcano  | Noticed a wizard
 10680 | Volcano  | Killed a wizard
 10691 | Volcano  | Noticed a wizard
 10693 | Volcano  | Killed a wizard
 10711 | Volcano  | Noticed a wizard
 10736 | Volcano  | Killed a wizard
 10870 | Volcano  | Noticed a mace of flaming
 10907 | Volcano  | Killed a mace of flaming
 11482 | Lair:4   | Reached XP level 13. HP: 75/93 MP: 18/18
 11662 | Lair:4   | Noticed a four-headed hydra
 11855 | Lair:4   | Noticed a seven-headed hydra
 11878 | Lair:4   | Killed a seven-headed hydra
 11923 | Lair:4   | Lost mutation: You are weak. (Str -2) [potion of cure mutation]
 11923 | Lair:4   | Lost mutation: You are somewhat resistant to further mutation. [potion of cure mutation]
 12007 | Lair:4   | Received a gift from Nemelex Xobeh
 12344 | Lair:4   | Reached skill level 5 in Ice Magic
 12668 | Lair:5   | Found a staircase to the Slime Pits.
 12740 | Lair:5   | Noticed a four-headed hydra
 12743 | Lair:5   | Received a gift from Nemelex Xobeh
 12748 | Lair:5   | Killed a four-headed hydra
 12882 | Lair:5   | Reached **** piety under Nemelex Xobeh
 13169 | Lair:5   | Reached skill level 10 in Short Blades
 13260 | Lair:6   | Entered Level 6 of the Lair of Beasts
 13280 | Lair:5   | Reached skill level 5 in Spellcasting
 13287 | Lair:5   | Killed a four-headed hydra
 13359 | Lair:6   | Reached skill level 1 in Conjurations
 13388 | Lair:5   | Slain by a dream sheep

Skill      XL: |  1  2  3  4  5  6  7  8  9 10 11 12 13 |
---------------+----------------------------------------+-----
Armour         | 1 2 3 4 5 6 |  6.0
Short Blades   | 2 3 4 5 6 8 9 10 | 10.0
Evocations     | 4 5 6 7 |  7.4
Dodging        | 3 4 5 6 8 9 |  9.4
Stealth        | 2 3 5 6 7 |  7.4
Fighting       | 2 3 5 6 |  6.6
Shields        | 1 2 3 4 5 6 7 |  7.1
Invocations    | 2 3 |  3.5
Spellcasting   | 1 3 5 |  5.1
Ice Magic      | 1 4 5 |  5.7
Conjurations   | 1 |  1.0

Action                   |  1- 3 |  4- 6 |  7- 9 | 10-12 | 13-15 || total
-------------------------+-------+-------+-------+-------+-------++-------
Melee: Short sword       |    63 |       |       |       |       ||    63
       Dagger            |    15 |   230 |   288 |   767 |   212 ||  1512
       Peck              |       |     5 |    54 |   155 |    42 ||   256
 Cast: Throw Frost       |       |       |       |       |    27 ||    27
       Freeze            |       |       |       |       |     9 ||     9
Invok: Triple Draw       |       |       |       |     1 |     4 ||     5
       Deal Four         |       |       |       |       |     1 ||     1
Evoke: Wand              |    25 |    26 |    25 |    36 |     6 ||   118
       Deck              |       |       |     1 |    24 |     2 ||    27
       Phial of floods   |       |       |       |     2 |       ||     2
       Sack of spiders   |       |       |       |     6 |       ||     6
  Use: Scroll            |     3 |     7 |    10 |     5 |     1 ||    26
       Potion            |     2 |     8 |     4 |     3 |     3 ||    20
 Stab: Sleeping          |     1 |     4 |     8 |     5 |     2 ||    20
       Paralysed         |       |     1 |       |       |       ||     1
       Distracted        |       |     1 |     1 |     3 |       ||     5
       Invisible         |       |       |       |     1 |       ||     1
  Eat: Bread ration      |     1 |       |     2 |     1 |     1 ||     5
       Beef jerky        |     1 |       |       |       |       ||     1
       Pizza             |       |     1 |     1 |       |       ||     2
       Meat ration       |       |     1 |       |     1 |       ||     2
       Fruit             |       |       |     4 |       |     5 ||     9
Armor: Leather armour    |    40 |    54 |    41 |    35 |       ||   170
       Troll leather arm |       |       |       |   119 |    28 ||   147
Dodge: Dodged            |    54 |   108 |   109 |   518 |   168 ||   957
Block: Buckler           |       |    11 |    47 |   190 |    64 ||   312
